APP
OGDEN RAPTORS @ HELENA BREWERS
08/03/2047
 
TOP OF THE 1ST
Ogden Raptors batting - Pitching for Helena Brewers : RHP Cesar Pulido
Pitching: RHP Cesar Pulido
Batting: LHB Nate Kee 0-0: Ball
1-0: Ball
2-0: Swinging Strike
2-1: Foul Ball, location: 2F
2-2: Ball
3-2: Strikes out swinging
Batting: RHB Tommy Hunter 0-0: Foul Ball, location: 2F
0-1: Ball
1-1: Fly out, F8 (Line Drive, 8RD, EV 91.9 MPH)
Batting: LHB Tore Bosch 0-0: Called Strike
0-1: SINGLE (Line Drive, 8RS, EV 102.5 MPH)
Batting: RHB Justin Curran 0-0: Foul Ball, location: 2F
0-1: Ball
1-1: Swinging Strike
1-2: Foul Ball, location: 2F
1-2: Ball
2-2: SINGLE (Groundball, 6MD, EV 102.5 MPH)
Tore Bosch to second
Batting: RHB Jerry Sanchez 0-0: Called Strike
0-1: Ground out 4-3 (Groundball, 4S, EV 85.0 MPH)
Top of the 1st over - 0 runs, 2 hits, 0 errors, 2 left on base; Ogden 0 - Helena 0
BOTTOM OF THE 1ST
Helena Brewers batting - Pitching for Ogden Raptors : LHP Jonathan Daniels
Pitching: LHP Jonathan Daniels
Batting: RHB Mohammed bin Ubaida 0-0: Ball
1-0: SINGLE (Line Drive, 5D, EV 99.4 MPH)
Batting: LHB Andy Buschlen 0-0: Called Strike
0-1: Ball
1-1: Swinging Strike
1-2: Ball
2-2: Foul Ball, location: 2F
2-2: Strikes out swinging
Batting: LHB Steven Donovan 0-0: Ball
1-0: Called Strike
Mohammed bin Ubaida steals 2nd base
1-1: SINGLE (Line Drive, 6D, EV 102.5 MPH)
Mohammed bin Ubaida to third
Runner from 3rd tries for Home, SAFE, throw by CF to home
Batting: LHB Greg Reedy 0-0: Ball
1-0: Called Strike
1-1: Swinging Strike
1-2: Strikes out looking
Steven Donovan is caught stealing 2nd base 2-6
Batter strikes out.
Bottom of the 1st over - 1 run, 2 hits, 0 errors, 0 left on base; Ogden 0 - Helena 1
TOP OF THE 2ND
Ogden Raptors batting - Pitching for Helena Brewers : RHP Cesar Pulido
Batting: RHB Chad Rojas 0-0: Fly out, F7 (Flyball, 78D, EV 100.6 MPH)
Batting: RHB Bob Magana 0-0: Ball
1-0: Ball
2-0: Swinging Strike
2-1: Called Strike
2-2: Foul Ball, location: 2F
2-2: Ball
3-2: Strikes out looking
Batting: SHB Josh Vaill 0-0: Ball
1-0: Fly out, F9 (Flyball, 89M, EV 71.9 MPH)
Top of the 2nd over - 0 runs, 0 hits, 0 errors, 0 left on base; Ogden 0 - Helena 1
BOTTOM OF THE 2ND
Helena Brewers batting - Pitching for Ogden Raptors : LHP Jonathan Daniels
Batting: RHB Drew Forbess 0-0: Swinging Strike
0-1: Ball
1-1: Ball
2-1: Ball
3-1: Foul Ball, location: 2F
3-2: Base on Balls
Batting: LHB Dusty Bryant 0-0: Ball
1-0: Ball
2-0: Foul Ball, location: 2F
2-1: Fielders Choice at 2nd, 4-6 (Groundball, 34D, EV 101.9 MPH)
Batting: RHB Justin Marino 0-0: Ball
Wild Pitch!
Dusty Bryant to second
1-0: Ball
2-0: Called Strike
2-1: Foul Ball, location: 2F
2-2: Strikes out looking
Batting: LHB Danny Bautista 0-0: Called Strike
0-1: Ball
1-1: Foul Ball, location: 2F
1-2: Strikes out swinging
Bottom of the 2nd over - 0 runs, 0 hits, 0 errors, 1 left on base; Ogden 0 - Helena 1
TOP OF THE 3RD
Ogden Raptors batting - Pitching for Helena Brewers : RHP Cesar Pulido
Batting: SHB Jason Todd 0-0: Ball
1-0: Swinging Strike
1-1: Ball
2-1: Bunt missed!
2-2: Fly out, F8 (Flyball, 8RD, EV 74.4 MPH)
Batting: LHB Nate Kee 0-0: Ball
1-0: Called Strike
1-1: Swinging Strike
1-2: Ball
2-2: Strikes out swinging
Batting: RHB Tommy Hunter 0-0: Foul Ball, location: 2F
0-1: Ball
1-1: Ground out 6-3 (Groundball, 6S, EV 86.2 MPH)
Top of the 3rd over - 0 runs, 0 hits, 0 errors, 0 left on base; Ogden 0 - Helena 1
BOTTOM OF THE 3RD
Helena Brewers batting - Pitching for Ogden Raptors : LHP Jonathan Daniels
Batting: RHB Jesus Menjivar 0-0: Ball
1-0: Foul Ball, location: 2F
1-1: TRIPLE (Line Drive, 8LXD, EV 105.0 MPH)
Batting: RHB Mohammed bin Ubaida 0-0: Ball
1-0: Called Strike
1-1: Called Strike
1-2: Strikes out swinging
Batting: LHB Andy Buschlen 0-0: Called Strike
0-1: Foul Ball, location: 2F
0-2: Ball
1-2: Strikes out swinging
Batting: LHB Steven Donovan 0-0: Called Strike
0-1: Called Strike
0-2: Strikes out swinging
Bottom of the 3rd over - 0 runs, 1 hit, 0 errors, 1 left on base; Ogden 0 - Helena 1
TOP OF THE 4TH
Ogden Raptors batting - Pitching for Helena Brewers : RHP Cesar Pulido
Batting: LHB Tore Bosch 0-0: Ball
1-0: Foul Ball, location: 2F
1-1: Swinging Strike
1-2: DOUBLE (Line Drive, 8RXD, EV 103.1 MPH)
Batting: RHB Justin Curran 0-0: Foul Ball, location: 2F
0-1: Reached on error, E5 (Groundball, 56S, EV 87.5 MPH)
Tore Bosch to third
Batting: RHB Jerry Sanchez 0-0: Swinging Strike
0-1: Swinging Strike
0-2: Ball
1-2: Foul Ball, location: 2F
1-2: Foul Ball, location: 2F
1-2: SINGLE (Flyball, 9S, EV 89.4 MPH)
Tore Bosch scores
Justin Curran to second
Batting: RHB Chad Rojas 0-0: Foul Ball, location: 2F
0-1: Ball
1-1: Fly out, F8 (Flyball, 8RXD, EV 100.0 MPH)
Runner from 2nd tags up, SAFE at 3rd, no throw by CF
Batting: RHB Bob Magana 0-0: Ball
1-0: Hit by Pitch
Jerry Sanchez to second
Batting: SHB Josh Vaill 0-0: Called Strike
0-1: Swinging Strike
0-2: Ball
1-2: Strikes out swinging
Batting: SHB Jason Todd 0-0: Ball
1-0: Called Strike
1-1: Foul Ball, location: 2F
1-2: Ground out 6-3 (Groundball, 56, EV 103.1 MPH)
Top of the 4th over - 1 run, 2 hits, 1 error, 3 left on base; Ogden 1 - Helena 1
BOTTOM OF THE 4TH
Helena Brewers batting - Pitching for Ogden Raptors : LHP Jonathan Daniels
Batting: LHB Greg Reedy 0-0: Ground out 6-3 (Groundball, P, EV 85.6 MPH)
Batting: RHB Drew Forbess 0-0: Called Strike
0-1: Foul Ball, location: 2F
0-2: Ball
1-2: Foul Ball, location: 2F
1-2: Strikes out looking
Batting: LHB Dusty Bryant 0-0: Ball
1-0: Ball
2-0: Called Strike
2-1: Called Strike
2-2: Strikes out swinging
Bottom of the 4th over - 0 runs, 0 hits, 0 errors, 0 left on base; Ogden 1 - Helena 1
TOP OF THE 5TH
Ogden Raptors batting - Pitching for Helena Brewers : RHP Cesar Pulido
Batting: LHB Nate Kee 0-0: Foul Ball, location: 2F
0-1: Foul Ball, location: 2F
0-2: Strikes out looking
Batting: RHB Tommy Hunter 0-0: Ball
1-0: Ground out 6-3 (Groundball, 6S, EV 62.5 MPH)
Batting: LHB Tore Bosch 0-0: Ball
1-0: Fly out, F7 (Line Drive, 7, EV 106.2 MPH)
Top of the 5th over - 0 runs, 0 hits, 0 errors, 0 left on base; Ogden 1 - Helena 1
BOTTOM OF THE 5TH
Helena Brewers batting - Pitching for Ogden Raptors : LHP Jonathan Daniels
Batting: RHB Justin Marino 0-0: Ball
1-0: Ball
2-0: Called Strike
2-1: Foul Ball, location: 2F
2-2: Ball
3-2: Foul Ball, location: 2F
3-2: Strikes out swinging
Batting: LHB Danny Bautista 0-0: Ground out 4-3 (Groundball, 4, EV 84.4 MPH)
Batting: RHB Jesus Menjivar 0-0: Ball
1-0: Called Strike
1-1: Called Strike
1-2: Ball
2-2: Ground out 5-3 (Groundball, 56D, EV 92.5 MPH)
Bottom of the 5th over - 0 runs, 0 hits, 0 errors, 0 left on base; Ogden 1 - Helena 1
TOP OF THE 6TH
Ogden Raptors batting - Pitching for Helena Brewers : RHP Cesar Pulido
Batting: RHB Justin Curran 0-0: Ball
1-0: Foul Ball, location: 2F
1-1: Foul Ball, location: 2F
1-2: Ball
2-2: Ball
3-2: Base on Balls
Batting: RHB Jerry Sanchez 0-0: Ball
1-0: Foul Ball, location: 2F
1-1: Ball
2-1: Called Strike
2-2: Ball
3-2: Base on Balls
Justin Curran to second
Pitching: LHP Billy Rojas
Batting: RHB Chad Rojas 0-0: Ball
1-0: Ball
2-0: Swinging Strike
2-1: SINGLE (Groundball, 56, EV 85.6 MPH) (infield hit)
Justin Curran to third
Jerry Sanchez to second
Batting: RHB Bob Magana 0-0: Ball
1-0: Called Strike
1-1: Ball
2-1: Foul Ball, location: 2F
2-2: Foul Ball, location: 2F
2-2: Strikes out looking
Batting: SHB Josh Vaill 0-0: Ball
1-0: Called Strike
1-1: Ball
2-1: Ball
3-1: Base on Balls
Justin Curran scores
Jerry Sanchez to third
Chad Rojas to second
Batting: SHB Jason Todd 0-0: Swinging Strike
0-1: Swinging Strike
0-2: Ball
1-2: Ball
2-2: Foul Ball, location: 2F
2-2: Strikes out swinging
Batting: LHB Nate Kee 0-0: Called Strike
0-1: Ball
1-1: Ball
2-1: Fly out, F9 (Line Drive, 89M, EV 95.0 MPH)
Top of the 6th over - 1 run, 1 hit, 0 errors, 3 left on base; Ogden 2 - Helena 1
BOTTOM OF THE 6TH
Helena Brewers batting - Pitching for Ogden Raptors : LHP Jonathan Daniels
Batting: RHB Mohammed bin Ubaida 0-0: Called Strike
0-1: Swinging Strike
0-2: Ball
1-2: Foul Ball, location: 2F
1-2: Foul Ball, location: 2F
1-2: Ground out 5-3 (Groundball, 56, EV 81.9 MPH)
Batting: LHB Andy Buschlen 0-0: Swinging Strike
0-1: Ball
1-1: Bunted foul
1-2: Strikes out swinging
Batting: LHB Steven Donovan 0-0: Foul Ball, location: 2F
0-1: SINGLE (Groundball, 4MD, EV 106.9 MPH)
Pitching: RHP Jimmy Hitchcock
Batting: LHB Greg Reedy 0-0: Called Strike
0-1: Ground out 4-3 (Groundball, 4, EV 89.4 MPH)
Bottom of the 6th over - 0 runs, 1 hit, 0 errors, 1 left on base; Ogden 2 - Helena 1
TOP OF THE 7TH
Ogden Raptors batting - Pitching for Helena Brewers : LHP Billy Rojas
Batting: RHB Tommy Hunter 0-0: Called Strike
0-1: Ground out 4-3 (Groundball, 13, EV 90.6 MPH)
Batting: LHB Tore Bosch 0-0: Called Strike
0-1: Ball
1-1: Swinging Strike
1-2: Ground out 1-3 (Groundball, 13, EV 72.5 MPH)
Batting: RHB Justin Curran 0-0: Ball
1-0: Called Strike
1-1: Foul Ball, location: 2F
1-2: Strikes out swinging
Top of the 7th over - 0 runs, 0 hits, 0 errors, 0 left on base; Ogden 2 - Helena 1
BOTTOM OF THE 7TH
Helena Brewers batting - Pitching for Ogden Raptors : RHP Jimmy Hitchcock
Batting: RHB Drew Forbess 0-0: Ball
1-0: Ball
2-0: Called Strike
2-1: Called Strike
2-2: Ball
3-2: Foul Ball, location: 2F
3-2: Reached on error, E4 (Groundball, 4, EV 83.1 MPH)
Batting: LHB Dusty Bryant 0-0: Called Strike
0-1: Called Strike
0-2: Ball
1-2: Ball
2-2: Strikes out swinging
Batting: RHB Justin Marino 0-0: Called Strike
0-1: Ball
1-1: Ground out 1-3 (Groundball, 34S, EV 70.0 MPH)
Drew Forbess to third
Batting: LHB Danny Bautista 0-0: Called Strike
0-1: Swinging Strike
0-2: Foul Ball, location: 2F
0-2: Ball
1-2: Ball
2-2: Foul Ball, location: 2F
2-2: Ball
3-2: Base on Balls
Pinch Hitting: RHB Steve Errico 0-0: Ball
1-0: Ball
2-0: Called Strike
2-1: Ball
3-1: Foul Ball, location: 2F
3-2: Foul Ball, location: 2F
3-2: Base on Balls
Danny Bautista to second
Batting: RHB Mohammed bin Ubaida 0-0: Called Strike
0-1: SINGLE (Groundball, 56D, EV 100.6 MPH)
Drew Forbess scores
Danny Bautista to third
Steve Errico to second
Runner from 3rd tries for Home, SAFE, throw by LF to home
Batting: LHB Andy Buschlen 0-0: Called Strike
0-1: Foul Ball, location: 2F
0-2: Fly out, F7 (Flyball, 7, EV 89.4 MPH)
Bottom of the 7th over - 2 runs, 1 hit, 1 error, 2 left on base; Ogden 2 - Helena 3
TOP OF THE 8TH
Ogden Raptors batting - Pitching for Helena Brewers : LHP Billy Rojas
Now at 2B: Wiliama Dana
Batting: RHB Jerry Sanchez 0-0: Ball
1-0: Ball
2-0: Ball
3-0: Called Strike
3-1: Fly out, F9 (Flyball, 89M, EV 81.9 MPH)
Batting: RHB Chad Rojas 0-0: Ball
1-0: Fly out, F8 (Flyball, 8LD, EV 93.1 MPH)
Batting: RHB Bob Magana 0-0: Ground out 6-3 (Groundball, 56D, EV 86.2 MPH)
Top of the 8th over - 0 runs, 0 hits, 0 errors, 0 left on base; Ogden 2 - Helena 3
BOTTOM OF THE 8TH
Helena Brewers batting - Pitching for Ogden Raptors : RHP Jimmy Hitchcock
Batting: LHB Steven Donovan 0-0: Called Strike
0-1: Fly out, F4 (Line Drive, 4, EV 66.9 MPH)
Batting: LHB Greg Reedy 0-0: Called Strike
0-1: Ball
1-1: Foul Ball, location: 2F
1-2: Ground out 3-1 (Groundball, 3L, EV 105.6 MPH)
Batting: RHB Drew Forbess 0-0: Swinging Strike
0-1: Foul Ball, location: 2F
0-2: SOLO HOME RUN (Flyball, 8LXD, EV 107.5 MPH), Distance : 439 ft
Pitching: RHP Charles Durand
Batting: LHB Dusty Bryant 0-0: Fly out, F7 (Flyball, 78S, EV 70.6 MPH)
Bottom of the 8th over - 1 run, 1 hit, 0 errors, 0 left on base; Ogden 2 - Helena 4
TOP OF THE 9TH
Ogden Raptors batting - Pitching for Helena Brewers : LHP Billy Rojas
Batting: SHB Josh Vaill 0-0: Foul Ball, location: 2F
0-1: Swinging Strike
0-2: Foul Ball, location: 2F
0-2: Foul Ball, location: 2F
0-2: Foul Ball, location: 2F
0-2: Foul Ball, location: 2F
0-2: Foul Ball, location: 2F
0-2: Strikes out looking
Pinch Hitting: RHB Eddie Perry 0-0: Ball
1-0: Swinging Strike
1-1: Ball
2-1: Called Strike
2-2: Ball
3-2: Foul Ball, location: 2F
3-2: Fly out, F7 (Flyball, 7LD, EV 105.6 MPH)
Batting: LHB Nate Kee 0-0: Foul Ball, location: 2F
0-1: Called Strike
0-2: Ball
1-2: Ball
2-2: Ball
3-2: SINGLE (Flyball, 78S, EV 88.1 MPH)
Pitching: RHP Josh Pelletier
Batting: RHB Tommy Hunter 0-0: Ball
Wild Pitch!
Nate Kee to second
1-0: Called Strike
1-1: Ball
Wild Pitch!
Nate Kee to third
2-1: Foul Ball, location: 2F
2-2: Ball
3-2: Ground out 4-3 (Groundball, 4S, EV 75.6 MPH)
Top of the 9th over - 0 runs, 1 hit, 0 errors, 1 left on base; Ogden 2 - Helena 4
Thursday, December 15th , 2022 - OOTP Baseball 23.9 Build 102